 Dungeon Crawl Stone Soup version 0.17-a0-1887-g3e50df6 (webtiles) character file.

32 ololoev the Chopper (level 3, -3/33 HPs)
             Began as a Minotaur Berserker on Sept 23, 2015.
             Was a Follower of Trog.
             Slain by an orc priest
             ... wielding a +1 dagger of venom
              (4 damage)
             ... on level 3 of the Dungeon.
             The game lasted 00:02:15 (226 turns).

ololoev the Chopper (Minotaur Berserker)             Turns: 226, Time: 00:02:16

Health: -3/33      AC:  2    Str: 22    XL:     3   Next: 10%
Magic:  2/2        EV: 12    Int:  4    God:    Trog [*.....]
Gold:   0          SH:  0    Dex:  9    Spells: 0 memorised, 2 levels left

rFire  . . .     SeeInvis .     a - +0 hand axe
rCold  . . .     Clarity  .     b - +0 animal skin
rNeg   . . .     SustAt   .     (no shield)
rPois  .         Gourm    .     (helmet restricted)
rElec  .         Spirit   .     (no cloak)
rCorr  .         Warding  .     (no gloves)
rMut   .         Stasis   .     (no boots)
MR     .....                    (no amulet)
Stlth  +.........               (no ring)
                                (no ring)

@: lethally poisoned (-3 -> -4), exhausted, not resistant to hostile
enchantments, very unstealthy
A: retaliatory headbutt, horns 2
a: Burn Spellbooks, Berserk, Renounce Religion


Innate Abilities, Weirdness & Mutations

You reflexively headbutt those who attack you in melee.
You have a pair of horns on your head.

Inventory:

Hand weapons
 a - a +0 hand axe (weapon)
Armour
 b - a +0 animal skin (worn)
 m - a cursed +0 scale mail
Scrolls
 e - a scroll of identify {unknown}
 j - a scroll of teleportation {unknown}
Potions
 h - a potion of haste {unknown}
 i - a potion of resistance {unknown}
 k - a potion of lignification {unknown}
Comestibles
 c - a bread ration
 d - a beef jerky
 f - a meat ration
 l - a chunk of flesh


   Skills:
 + Level 4.1 Fighting
 * Level 4.4 Axes
 + Level 2.9 Armour
 - Level 2.1 Dodging


You had 2 spell levels left.
You didn't know any spells.


You were on level 3 of the Dungeon.
You worshipped Trog.
Trog was aware of your devotion.
You were not hungry.

You visited 1 branch of the dungeon, and saw 3 of its levels.

### #. ..# #. #.# #.
#.# #. ###.###.####
#.)...#...<######
#..##@....#...........
#...o.....##.######...
#...#.....'.....#
#..........##.##.#
##..#..........# #
#.###......#..# ..
.....W..#### ##
###....... #........

Notes
Turn   | Place    | Note
--------------------------------------------------------------
     0 | D:1      | ololoev the Minotaur Berserker began the quest for the Orb.
     0 | D:1      | Reached XP level 1. HP: 19/19 MP: 0/0
   183 | D:2      | Reached skill level 4 in Axes
   183 | D:2      | Reached XP level 2. HP: 22/27 MP: 1/1
   215 | D:3      | Reached XP level 3. HP: 19/33 MP: 2/2
   226 | D:3      | Noticed ololoev's ghost (average MiBe)
   226 | D:3      | HP: 1/33 [poisoned by an adder]
   226 | D:3      | Slain by an orc priest

Dungeon Overview and Level Annotations

Branches:
Dungeon (3/15)

Altars:

Annotations:
D:3 ololoev's ghost, average MiBe


Message History

Your experience leads to an increase in your attributes!
Your base attributes are Str 21, Int 4, Dex 9.
Increase (S)trength, (I)ntelligence, or (D)exterity?
You feel stronger.
You hit the orc.
The orc is almost dead.
You feel sick.
You slash the orc!
You kill the orc!
Trog accepts your kill.
Items here: )) [ † a flail; a scale mail; a flail; an orc corpse
m - a scale mail You feel a strong urge to attack something.
An orc priest comes into view. It is wielding a dagger of venom.
You feel sick.
You feel your anger subside.
You are no longer berserk.
You pass out from exhaustion.
You feel yourself slow down.
You can move again.
You feel sick.
The orc priest shouts!
The orc priest miscasts a cantrip.
Things that are here:
a flail x2 an orc corpse You hit the orc priest but do no damage.
The orc priest invokes the aid of Beogh against you.
Something smites you!
Ololoev's ghost (average Minotaur Berserker) comes into view.
Unknown command.
Drink which item? (? for menu, Esc to quit)
It was a potion of cancellation.
Your magical effects are unravelling.
You feel magically purged.
You feel yourself speed up.
You feel sick.
The orc priest hits you with a dagger of venom.
You die...

You could see an orc priest and ololoev's ghost.

Vanquished Creatures
  An adder (D:3)
  3 orcs (D:3)
  A giant cockroach (D:1)
  2 hobgoblins
  5 jackals
  A bat (D:1)
  2 giant geckos
  A giant newt (D:1)
  A rat (D:1)
17 creatures vanquished.

Action                   || total
-------------------------++-------
Melee: Hand axe          ||    31
Invok: Berserk           ||     1
  Use: Potion            ||     1

Vault maps used:
D:1:      lemuel_arrival_rhombus, minmay_misc_feat_tiny, minmay_quantized
D:2:      first_bread, kennysheep_jessica_study
D:3:      nicolae_ru_path_of_blood, uniq_terence
